 Dungeon Crawl Stone Soup version 0.18-a0-1293-g5a2c81a (webtiles) character file.

1119 Tomstefer the Carver (level 8, -7/62 HPs)
             Began as a Minotaur Gladiator on Feb 10, 2016.
             Was a Believer of Okawaru.
             Mangled by Menkaure (15 damage)
             ... on level 5 of the Dungeon.
             The game lasted 00:12:09 (4674 turns).

Tomstefer the Carver (Minotaur Gladiator)           Turns: 4674, Time: 00:12:10

Health: -7/62      AC: 14    Str: 21    XL:     8   Next: 12%
Magic:  7/7        EV:  9    Int:  5    God:    Okawaru [**....]
Gold:   177        SH:  0    Dex: 12    Spells: 0 memorised, 7 levels left

rFire  x . .     SeeInvis .     a - +0 long sword
rCold  + . .     Gourm    .     y - +3 chain mail {rN+}
rNeg   + . .     Faith    .     (no shield)
rPois  .         Spirit   .     c - +0 hat
rElec  .         Dismiss  .     (no cloak)
rCorr  .         Reflect  .     (no gloves)
SustAt .         Harm     .     o - +0 pair of boots
MR     .....                    (no amulet)
Stlth  ..........               (no ring)
                                w - ring of ice

@: not resistant to hostile enchantments, extremely unstealthy
A: retaliatory headbutt, horns 2
a: Heroism, Renounce Religion


You were on level 5 of the Dungeon.
You worshipped Okawaru.
Okawaru was pleased with you.
You were not hungry.

You visited 1 branch of the dungeon, and saw 5 of its levels.

You collected 177 gold pieces.

Inventory:

Hand Weapons
 a - a +0 long sword (weapon)
Missiles
 d - 5 throwing nets (quivered)
Armour
 c - a +0 hat (worn)
 e - a +0 ring mail
 l - a +0 plate armour
 o - a +0 pair of boots (worn)
 y - a +3 chain mail of positive energy (worn)
Jewellery
 w - a ring of ice (left hand)
Wands
 C - a wand of iceblast (4/15)
Scrolls
 h - 3 scrolls of remove curse
 i - 5 scrolls of teleportation
 j - a scroll of fog
 p - 2 scrolls of enchant armour
 x - 4 scrolls of identify
 B - 2 scrolls of enchant weapon {unknown}
 E - a scroll of fear {unknown}
Potions
 b - a potion of flight {unknown}
 g - a potion of might {unknown}
 k - a potion of curing {unknown}
 m - 3 potions of heal wounds
 n - a potion of berserk rage {unknown}
 r - a potion of ambrosia {unknown}
 s - 2 potions of cancellation {unknown}
 u - a potion of magic {unknown}
 v - a potion of haste {unknown}
 z - a potion of degeneration {unknown}
 D - a potion of lignification {unknown}
Comestibles
 f - 6 bread rations
 q - a beef jerky
 t - a slice of pizza
 A - a chunk of flesh


   Skills:
 - Level 2.7 Fighting
 * Level 10.5 Long Blades
 - Level 2.0 Throwing
 + Level 5.0 Armour
 - Level 3.7 Dodging


You had 7 spell levels left.
You didn't know any spells.

Dungeon Overview and Level Annotations

Branches:
Dungeon (5/15)
 Temple: D:4-7

Altars:
Okawaru
Pakellas

Annotations:
D:5 Menkaure


Innate Abilities, Weirdness & Mutations

You reflexively headbutt those who attack you in melee.
You have a pair of horns on your head.


Message History

Pain shoots through your body!
Menkaure calls on the powers of darkness!
Your body is wracked with pain!
* * * LOW HITPOINT WARNING * * *
You see here a giant gecko corpse.
You slash Menkaure! Your headbutt misses Menkaure.
Menkaure is heavily damaged.
You barely miss Menkaure.
Menkaure is heavily damaged.
Menkaure mumbles, "From dust you came, to dust you will return."
Menkaure calls on the powers of darkness!
Your body is wracked with pain!
* * * LOW HITPOINT WARNING * * *
You closely miss Menkaure. You headbutt Menkaure.
Menkaure is heavily damaged.
Menkaure hits you but does no damage.
You closely miss Menkaure.
Menkaure is heavily damaged.
Menkaure hits you!
You die...

#.# #....# # #.#
#.##.# # #.#
.#.##.########
#.###.#.##.........
#....M#.#..........
#.... #.#.####.....
#..#.##.#....#.####
#.M#.#<.#.##.#.# #
##@#.#..#....#.# #
#.#.#..#.####.# #
#.#...........# #
#.#......###### #
#)#.#....#..
#.#.#..#.#.#
#(#....#.#.######
#(######.........
#.(........######


You could see Menkaure.

Vanquished Creatures
  Grinder (D:5)
  Edmund (D:5)
  2 ogres (D:5)
  A black bear (D:4)
  2 centaurs (D:5)
  A giant frog skeleton (D:4)
  An orc wizard (D:4)
  Jessica (D:2)
  4 worker ants
  Robin (D:2)
  8 adders
  A shadow imp (D:5)
  2 oozes
  A worm (D:2)
  5 giant geckos
  3 orcs
  5 giant cockroaches
  15 goblins
  20 hobgoblins
  15 jackals
  9 kobolds
  3 quokkas
  A ball python (D:4)
  10 bats
  7 giant newts
  A quokka skeleton (D:5)
  4 rats (D:1)
125 creatures vanquished.

Vanquished Creatures (others)
  A jackal (D:1)
1 creature vanquished.

Grand Total: 126 creatures vanquished

Notes
Turn   | Place    | Note
--------------------------------------------------------------
     0 | D:1      | Tomstefer the Minotaur Gladiator began the quest for the Orb.
     0 | D:1      | Reached XP level 1. HP: 18/18 MP: 0/0
   113 | D:1      | Reached XP level 2. HP: 25/25 MP: 1/1
   147 | D:1      | Reached skill level 4 in Long Blades
   253 | D:1      | Reached XP level 3. HP: 18/30 MP: 2/2
   560 | D:1      | Reached skill level 5 in Long Blades
   875 | D:2      | Noticed Robin
   886 | D:2      | Reached XP level 4. HP: 32/37 MP: 3/3
   896 | D:2      | Killed Robin
   947 | D:2      | Found an iron altar of Okawaru.
   954 | D:2      | Became a worshipper of Warmaster Okawaru
   987 | D:2      | Reached skill level 6 in Long Blades
  1150 | D:2      | Noticed Jessica
  1161 | D:2      | Killed Jessica
  1338 | D:2      | Reached XP level 5. HP: 42/42 MP: 4/4
  2033 | D:3      | Reached skill level 7 in Long Blades
  2583 | D:4      | Noticed a black bear
  2596 | D:4      | Killed a black bear
  2596 | D:4      | Reached skill level 1 in Armour
  2596 | D:4      | Reached XP level 6. HP: 44/50 MP: 5/5
  2732 | D:4      | Reached * piety under Okawaru
  2732 | D:4      | Reached skill level 8 in Long Blades
  3033 | D:4      | Found an oddly glowing altar of Pakellas.
  3343 | D:5      | Entered Level 5 of the Dungeon
  3400 | D:5      | Reached XP level 7. HP: 56/56 MP: 6/6
  3421 | D:5      | Noticed Grinder
  3421 | D:5      | Paralysed by Grinder for 4 turns
  3448 | D:5      | Killed Grinder
  3448 | D:5      | Reached skill level 9 in Long Blades
  3710 | D:5      | Noticed Edmund
  3730 | D:5      | Killed Edmund
  4272 | D:5      | Reached ** piety under Okawaru
  4272 | D:5      | Reached skill level 10 in Long Blades
  4469 | D:5      | Reached XP level 8. HP: 62/62 MP: 7/7
  4654 | D:5      | Reached skill level 5 in Armour
  4660 | D:5      | Noticed Menkaure
  4674 | D:5      | Mangled by Menkaure

Vault maps used:
D:1:      lemuel_arrival_lava_pool
D:2:      overflow_temple_1_default, uniq_jessica, uniq_robin
D:3:      kennysheep_cross_bottleneck
D:4:      old_standard_altar, grunt_ministairs_10
D:5:      first_bread, corexii_checkpoint_a, uniq_edmund, uniq_grinder,
          uniq_menkaure

Action                   |  1- 3 |  4- 6 |  7- 9 || total
-------------------------+-------+-------+-------++-------
Melee: Long sword        |   103 |   122 |    77 ||   302
Throw: Throwing net      |       |     3 |       ||     3
Evoke: Wand              |       |       |     1 ||     1
  Use: Scroll            |       |     7 |     1 ||     8
  Eat: Chunk             |       |     8 |     4 ||    12
